 Dungeon Crawl Stone Soup version 0.26.1-11-gd32895ea62 (webtiles) character file.

Game seed: 11681146503838077837

58 Tirrikindir the Chiller (level 4, -1/30 HPs)
             Began as a Merfolk Ice Elementalist on June 2, 2021.
             Slain by an iguana (10 damage)
             ... on level 2 of the Dungeon.
             The game lasted 00:03:58 (1496 turns).

Tirrikindir the Chiller (Merfolk Ice Elementalist)  Turns: 1496, Time: 00:03:59

Health: -1/30      AC:  2    Str:  8    XL:     4   Next: 1%
Magic:  5/7        EV: 13    Int: 15    God:
Gold:   11         SH:  0    Dex: 14    Spells: 3/7 levels left

rFire    . . .     SeeInvis .   e - +5 dagger
rCold    . . .     Faith    .   (no shield)
rNeg     . . .     Spirit   .   a - +0 robe
rPois    .         Reflect  .   (no helmet)
rElec    .         Harm     .   (no cloak)
rCorr    .         Rampage  .   (no gloves)
Will     .....                  (no boots)
Stlth    ++........             (no amulet)
HPRegen  0.10/turn              (no ring)
MPRegen  0.10/turn              (no ring)

@: no status effects
A: change form in water, swift swim, stealthy swim
a: no special abilities


You were on level 2 of the Dungeon.
You visited 1 branch of the dungeon, and saw 2 of its levels.

You collected 11 gold pieces.

Inventory:

Hand Weapons
 e - a +5 dagger (weapon)
Armour
 a - a +0 robe (worn)
 b - a +0 kite shield
Scrolls
 d - 2 scrolls of enchant weapon
Potions
 c - a potion of might {unknown}
 f - 2 potions of invisibility {unknown}


   Skills:
 + Level 3.2 Dodging
 + Level 2.9 Stealth
 + Level 1.1 Shields
 + Level 2.3 Spellcasting
 * Level 5.0 Ice Magic


You had 3 spell levels left.
You knew the following spells:

 Your Spells              Type           Power        Failure   Level
a - Freeze                Ice            64%          2%          1
b - Ozocubu's Armour      Ice            16%          9%          3

Your spell library contained the following spells:

 Spells                   Type           Power        Failure   Level
 Frozen Ramparts          Ice            32%          9%          3
 Hailstorm                Conj/Ice       9%           58%         4
 Summon Ice Beast         Ice/Summ       9%           58%         4


Dungeon Overview and Level Annotations

Branches:
Dungeon (2/15)

Altars:


Message History

An iguana comes into view.
The iguana hisses angrily.
The iguana bites you.
You barely miss the iguana. The iguana bites you!
You barely miss the iguana. The iguana bites you!
* * * LOW HITPOINT WARNING * * *
Aiming: Freeze (safe; 2% risk of failure)
Press: ? - help, Q - select action Shift-Dir - straight line, f - iguana
Aim: an iguana You freeze the iguana.
The iguana is moderately wounded.
The iguana seems to slow down.
Aiming: Freeze (safe; 2% risk of failure)
Press: ? - help, Q - select action Shift-Dir - straight line, f/p - iguana
Aim: an iguana (moderately wounded, slow)
You freeze the iguana.
The iguana is severely wounded.
The iguana seems to slow down.
The iguana bites you!
You die...

..#. # ... # ..# ###.#
..# .. .# # #.######..#
###.##.# #.........#
.......###.....l...#
........ ..#
##@#.###### ........
..# #.......... ..#####
#.####.#..###### ).#
#............... #.#
#####.####.########.
..# #......<..........
..####.###..###.####.#.
.....#.#....# #.#
#.##.#.#.#.## #.#


You could see an iguana (slow).

Vanquished Creatures
  Terence (D:2)
  An ooze (D:1)
  A dart slug (D:1)
  A leopard gecko (D:1)
  7 hobgoblins (D:1)
  A bat (D:1)
  2 frilled lizards (D:1)
  3 goblins (D:1)
  4 kobolds
  5 rats (D:1)
26 creatures vanquished.

Vanquished Creatures (others)
  2 plants (D:1)
2 creatures vanquished.

Grand Total: 28 creatures vanquished

Notes
Turn   | Place    | Note
-------+----------+-------------------------------------------
     0 | D:1      | Tirrikindir the Merfolk Ice Elementalist began the quest
                  | for the Orb.
     0 | D:1      | Reached XP level 1. HP: 13/13 MP: 3/3
   310 | D:1      | Reached XP level 2. HP: 19/19 MP: 5/5
   571 | D:1      | Reached XP level 3. HP: 7/24 MP: 6/6
  1254 | D:1      | Learned a level 3 spell: Ozocubu's Armour
  1334 | D:2      | Noticed Terence
  1341 | D:2      | Killed Terence
  1342 | D:2      | Reached skill level 1 in Shields
  1342 | D:2      | Reached skill level 5 in Ice Magic
  1446 | D:2      | Reached XP level 4. HP: 30/30 MP: 7/7
  1496 | D:2      | Slain by an iguana

Illustrated notes

Levels and vault maps discovered:
D:1:      lemuel_arrival_muddy, layout_basic, dk_noncrumbling_3,
          serial_park_tiny_pond
D:2:      layout_basic, lemuel_coloured_pillars_altar,
          eat_drink_and_be_merry_uskayaw, uniq_jessica, uniq_terence

Skill      XL: |  1  2  3 |
---------------+----------+-----
Dodging        | 3 |  3.2
Shields        | 1 |  1.1
Ice Magic      | 5 |  5.0
Stealth        | |  2.9
Spellcasting   | |  2.3

Action                   |  1- 3 |  4- 6 || total
-------------------------+-------+-------++-------
Melee: Unarmed           |     7 |       ||     7
       Dagger            |    45 |     2 ||    47
 Cast: Freeze            |    15 |     2 ||    17
  Use: Scroll            |     5 |       ||     5
 Stab: Sleeping          |     3 |       ||     3
Armor: Robe              |     7 |       ||     7
Dodge: Dodged            |    35 |       ||    35
